 Dungeon Crawl Stone Soup version 0.23.2-30-g0e89c35649 (webtiles) character file.

Game seed: 12139218884318387721

91 PentaManta the Poker (level 4, -5/35 HPs)
             Began as a Merfolk Monk on June 10, 2019.
             Killed by divine providence
             ... invoked by an orc priest
              (13 damage)
             ... on level 3 of the Dungeon.
             The game lasted 00:05:35 (2241 turns).

PentaManta the Poker (Merfolk Monk)                 Turns: 2241, Time: 00:05:36

Health: -5/35      AC:  8    Str: 12    XL:     4   Next: 57%
Magic:  4/4        EV: 13    Int:  9    God:
Gold:   97         SH:  0    Dex: 16    Spells: 3/3 levels left

rFire    . . .     SeeInvis .   a - +0 spear
rCold    . . .     Gourm    .   (no shield)
rNeg     . . .     Faith    .   g - +0 ring mail
rPois    .         Spirit   .   (no helmet)
rElec    .         Reflect  .   d - +0 cloak
rCorr    .         Harm     .   o - +1 pair of gloves
MR       .....                  (no boots)
Stlth    +.........             (no amulet)
HPRegen  0.11/turn              (no ring)
MPRegen  0.09/turn              (no ring)

@: no status effects
A: change form in water, swift swim, stealthy swim
a: no special abilities


You were on level 3 of the Dungeon.
You were not hungry.

You visited 1 branch of the dungeon, and saw 3 of its levels.

You collected 97 gold pieces.

Inventory:

Hand Weapons
 a - a +0 spear (weapon)
Armour
 d - a +0 cloak (worn)
 g - a +0 ring mail (worn)
 o - a +1 pair of gloves (worn)
 r - a +0 chain mail
Scrolls
 b - 4 scrolls of remove curse
 e - 3 scrolls of enchant armour {unknown}
 h - 7 scrolls of identify {unknown}
 l - a scroll of teleportation {unknown}
 q - a scroll of magic mapping {unknown}
Potions
 f - a potion of mutation {unknown}
 i - a potion of curing
 j - 3 potions of brilliance {unknown}
 k - a potion of degeneration {unknown}
 m - a potion of heal wounds {unknown}
 n - a potion of haste {unknown}
 p - a potion of ambrosia {unknown}
 s - a potion of agility {unknown}
Comestibles
 c - 4 rations


   Skills:
 - Level 3.2 Fighting
 + Level 6.1 Polearms
 + Level 5.6 Dodging
 - Level 2.1 Stealth


You had 3 spell levels left.
You didn't know any spells.
Your spell library was empty.

Dungeon Overview and Level Annotations

Branches:
Dungeon (3/15)

Altars:
Makhleb
Nemelex Xobeh
The Shining One


Message History

You closely miss the orc priest.
The orc priest is moderately wounded.
The orc priest barely misses you.
You hit the orc priest.
The orc priest is heavily wounded.
You hit the orc priest but do no damage.
The orc priest is heavily wounded.
The orc priest hits you but does no damage.
You closely miss the orc.
The orc priest invokes the aid of Beogh against you.
Beogh smites you!
* * * LOW HITPOINT WARNING * * *
You hit the orc priest but do no damage.
The orc priest looks encouraged for a moment.
The orc hits you but does no damage.
As you read the scroll labeled LOSONETZOZ, it crumbles to dust.
You feel blessed for a moment.
It was a scroll of remove curse.
The orc priest calls down the wrath of Beogh upon you.
Beogh smites you!
You die...

.> #.....# ##.
.## ##.###.####.
..# #..# #......
#.###.## ####...
#.##..# #... .
###.#..## ##...
#.## #.......#
.....
#$...###.....†.#
.##...
#..o.#@......#
#... #oo.......#
...#.
###........#
####.
########... #.
.... ... #...
...#. .. .....
.).#. ..#.


You could see an orc priest and an orc.

Vanquished Creatures
  2 adders (D:2)
  An ooze (D:1)
  2 worms
  2 dart slugs (D:1)
  6 leopard geckos
  A ball python (D:2)
  4 giant cockroaches
  2 goblins (D:2)
  5 hobgoblins
  10 kobolds
  8 bats
  4 frilled lizards
  3 rats
50 creatures vanquished.

Notes
Turn   | Place    | Note
-------+----------+-------------------------------------------
     0 | D:1      | PentaManta the Merfolk Monk began the quest for the Orb.
     0 | D:1      | Reached XP level 1. HP: 18/18 MP: 1/1
     2 | D:1      | Noticed an elf
     3 | D:1      | Noticed an ogre
     7 | D:1      | Noticed a centaur
    10 | D:1      | Noticed a minotaur
    18 | D:1      | Noticed a formicid
    20 | D:1      | Noticed a gargoyle
    22 | D:1      | Noticed a ghoul
   111 | D:1      | Reached XP level 2. HP: 11/24 MP: 2/2
   306 | D:1      | Reached skill level 5 in Polearms
   587 | D:1      | Reached XP level 3. HP: 25/29 MP: 3/3
  1098 | D:2      | Reached skill level 5 in Dodging
  1240 | D:2      | Reached XP level 4. HP: 18/35 MP: 4/4
  1558 | D:2      | Found a sparkling altar of Nemelex Xobeh.
  1587 | D:2      | Found a burning altar of Makhleb.
  1785 | D:2      | Found a glowing golden altar of the Shining One.
  1819 | D:2      | Reached skill level 6 in Polearms
  2241 | D:3      | Killed from afar by an orc priest

Skill      XL: |  1  2  3  4 |
---------------+-------------+-----
Polearms       | 5 6 |  6.1
Dodging        | 5 |  5.6
Fighting       | |  3.2
Stealth        | |  2.1

Action                   |  1- 3 |  4- 6 || total
-------------------------+-------+-------++-------
Melee: Spear             |   128 |    93 ||   221
  Use: Potion            |     1 |       ||     1
       Scroll            |       |     1 ||     1
 Stab: Sleeping          |     5 |     2 ||     7
       Distracted        |     1 |       ||     1
  Eat: Chunk             |       |     4 ||     4
Armor: Robe              |     3 |       ||     3
       Ring mail         |    16 |    24 ||    40
       Skin              |     1 |       ||     1
Dodge: Dodged            |    67 |    51 ||   118
